 Dungeon Crawl Stone Soup version 0.29.1-15-g9cfb28693d (webtiles) character file.

Game seed: 5381974745037705589

33 leafyfresh the Sneak (level 3, -3/26 HPs)
             Began as an Octopode Delver on Mar 4, 2023.
             Slain by an ufetubus (4 damage)
             ... on level 5 of the Dungeon.
             The game lasted 00:00:22 (81 turns).

leafyfresh the Sneak (Octopode Delver)                Turns: 81, Time: 00:00:22

Health: -3/26      AC:  1    Str: 11    XL:     3   Next: 29%
Magic:  3/3        EV: 13    Int: 14    God:
Gold:   0          SH:  0    Dex: 13    Spells: 2/2 levels left

rFire   . . .      SeeInvis .   a - +0 short sword
rCold   . . .      Faith    .   (no shield)
rNeg    . . .      Spirit   .   (helmet restricted)
rPois   .          Reflect  .   (no amulet)
rElec   .          Harm     .   (no ring)
rCorr   .          Rampage  .   (no ring)
Will    .....                   (no ring)
Stlth   ++++......              (no ring)
HPRegen 0.08/turn               (no ring)
MPRegen 0.08/turn               (no ring)
                                (no ring)
                                (no ring)

@: no status effects
A: almost no armour, amphibious, 8 rings, camouflage 1, gelatinous body 1,
(nimble swimmer 1), tentacles
a: no special abilities


You were on level 5 of the Dungeon.
You visited 1 branch of the dungeon, and saw 1 of its levels.

Inventory:

Hand Weapons
 a - a +0 short sword (weapon)
Wands
 f - a wand of digging (3)
Scrolls
 b - a scroll of fog
 c - a scroll of magic mapping
 d - a scroll of fear
Potions
 e - a potion of haste
 g - a potion of berserk rage {unknown}


   Skills:
 + Level 3.4 Fighting
 - Level 2.0 Short Blades
 + Level 2.6 Dodging
 + Level 7.1 Stealth


You had 2 spell levels left.
You didn't know any spells.
Your spell library was empty.

Dungeon Overview and Level Annotations

Branches:
Dungeon (5/15)
 Temple: D:4-7

Altars:


Innate Abilities, Weirdness & Mutations

You cannot wear most types of armour.
You are amphibious.
You can wear up to eight rings at the same time.
Your skin changes colour to match your surroundings (Stealth+).
Your rubbery body absorbs attacks. (AC +1, EV +1)
((You are camouflaged when in or above water. (Stealth+)))
You have tentacles for arms and can constrict up to eight enemies at once.


Message History

There are monsters nearby!
You hit the goblin. Your grab misses the goblin.
Your squeeze misses the goblin.
The goblin is severely wounded.
The goblin hits you with a +0 dagger. The goblin closely misses you.
Unknown command.
You miss the goblin. Your grab misses the goblin. You squeeze the goblin.
You kill the goblin!
You miss the goblin. You grab the goblin.
The goblin is severely wounded.
You constrict the goblin.
You kill the goblin!
Things that are here:
a +0 dagger; a +0 dagger The goblin attacks as you move away!
The goblin hits you with a +0 club. The goblin attacks as you move away!
The goblin hits you with a +0 dagger. The goblin attacks as you move away!
The goblin misses you. The goblin attacks as you move away!
The goblin hits you with a +0 dagger. The goblin attacks as you move away!
The goblin hits you with a +0 dagger. The goblin attacks as you move away!
The goblin barely misses you.
An ufetubus comes into view.
The goblin attacks as you move away! The goblin barely misses you.
The ufetubus closely misses you. x2
The goblin attacks as you move away! The goblin hits you with a +0 dagger.
The ufetubus barely misses you. The ufetubus closely misses you.
The goblin attacks as you move away! The goblin closely misses you.
The ufetubus closely misses you. The ufetubus hits you.
The ufetubus completely misses you. The ufetubus hits you.
The ufetubus barely misses you. The ufetubus hits you.
* * * LOW HITPOINT WARNING * * *
The ufetubus attacks as you move away! The ufetubus hits you.
* * * LOW HITPOINT WARNING * * *
The ufetubus closely misses you. The ufetubus attacks as you move away!
The ufetubus hits you.
* * * LOW HITPOINT WARNING * * *
The ufetubus closely misses you. x2; The ufetubus barely misses you.
The ufetubus barely misses you. The ufetubus misses you.
You hit the ufetubus but do no damage. Your grab misses the ufetubus.
The ufetubus hits you.
You die...

...######### ######
.......@5g.#######....##
.#######...gO.g.........
#########........
#.......# #.......#
##....g.# ######.# #.#
#g#


You could see an ogre, an ufetubus and 3 goblins.

Vanquished Creatures
  A hound (D:5)
  3 goblins (D:5)
4 creatures vanquished.

Notes
Turn   | Place    | Note
-------+----------+-------------------------------------------
     0 | D:5      | leafyfresh the Octopode Delver began the quest for the Orb.
     0 | D:5      | Reached XP level 1. HP: 16/16 MP: 1/1
    30 | D:5      | Noticed a hound
    37 | D:5      | Killed a hound
    38 | D:5      | Reached skill level 7 in Stealth
    38 | D:5      | Reached XP level 2. HP: 21/21 MP: 2/2
    38 | D:5      | Reached XP level 3. HP: 26/26 MP: 3/3
    42 | D:5      | Noticed an ogre
    78 | D:5      | HP: 1/26 [ufetubus (4)]
    81 | D:5      | Slain by an ufetubus

Illustrated notes

Levels and vault maps discovered:
D:5:      layout_cave_pods, minmay_ogre_servants, uniq_blork_the_orc

Skill      XL: |  1 |
---------------+----+-----
Stealth        | 7 |  7.1
Fighting       | |  3.4
Short Blades   | |  2.0
Dodging        | |  2.6

Action                   || total
-------------------------++-------
Melee: Short sword       ||     7
       Constrict         ||     2
       Tentacles         ||     1
 Stab: Sleeping          ||     1
Dodge: Dodged            ||    18
